 Dungeon Crawl Stone Soup version 0.29.1-15-g9cfb28693d (webtiles) character file.

Game seed: 5307597683151886140

1888 croobank the Covert (level 9, 0/57 (62) HPs)
             Began as an Octopode Delver on Feb 25, 2023.
             Was an Initiate of Gozag.
             Slain by a wight
             ... wielding a +3 halberd
              (1 damage)
             ... on level 6 of the Dungeon.
             The game lasted 00:15:27 (6500 turns).

croobank the Covert (Octopode Delver)               Turns: 6500, Time: 00:15:27

HP:   0/57 (62)     AC:  1    Str: 10    XL:     9   Next: 15%
MP:   7/14          EV: 15    Int: 20    God:    Gozag
Gold: 310           SH:  0    Dex: 14    Spells: 9/15 levels left

rFire   . . .      SeeInvis .   c - +5 mace of the Nine Nightmares {spect, rPois rC+ Str-3 Int+6}
rCold   + . .      Faith    .   (no shield)
rNeg    . . .      Spirit   .   (helmet restricted)
rPois   +          Reflect  .   (no amulet)
rElec   .          Harm     .   (no ring)
rCorr   .          Rampage  .   (no ring)
Will    .....                   (no ring)
Stlth   +++++.....              (no ring)
HPRegen 0.19/turn               (no ring)
MPRegen 0.14/turn               (no ring)
                                (no ring)
                                (no ring)

@: gold aura, drained
A: almost no armour, amphibious, 8 rings, camouflage 1, gelatinous body 1,
(nimble swimmer 1), tentacles
a: Renounce Religion, Potion Petition, Call Merchant, Bribe Branch


You were on level 6 of the Dungeon.
You worshipped Gozag.
Gozag was aware of your devotion.
You visited 2 branches of the dungeon, and saw 8 of its levels.

You collected 505 gold pieces.
You paid 195 gold pieces to Gozag.

Inventory:

Hand Weapons
 a - a +0 hand axe
 c - the +5 mace of the Nine Nightmares (weapon) {spect, rPois rC+ Str-3 Int+6}
   (You found it on level 5 of the Dungeon)

   When its wielder attacks, the weapon's spirit leaps out and strikes again.
   The spirit shares a part of any damage it takes with its wielder.
   Str:       It affects your strength (-3).
   Int:       It affects your intelligence (+6).
   rC:        It protects you from cold.
   rPois:     It protects you from poison.
 d - a +2 dagger of venom
 e - a +0 vampiric halberd
 i - a +2 halberd of protection
 o - a +0 war axe
 r - a +0 trident
 y - a +4 quarterstaff of chaos
Missiles
 t - 7 boomerangs (quivered)
Wands
 f - a wand of digging (3)
 C - a wand of iceblast (7)
Scrolls
 b - 3 scrolls of fog
 g - 4 scrolls of noise {unknown}
 h - 2 scrolls of vulnerability {unknown}
 k - 3 scrolls of magic mapping
 m - 3 scrolls of enchant weapon {unknown}
 n - a scroll of poison {unknown}
 p - 7 scrolls of teleportation {unknown}
 s - a scroll of silence {unknown}
 u - a scroll of torment {unknown}
 x - a scroll of immolation {unknown}
 D - a scroll of summoning {unknown}
Potions
 l - 2 potions of curing
 q - a potion of might
 v - a potion of resistance
 w - 2 potions of lignification
 z - a potion of attraction
 A - a potion of berserk rage
 B - 2 potions of invisibility
 E - a potion of flight


   Skills:
 + Level 5.6 Fighting
 + Level 5.2 Axes
 + Level 5.0 Dodging
 + Level 9.7 Stealth
 * Level 3.8 Spellcasting
 + Level 0.7 Hexes
 * Level 4.1 Summonings


You had 9 spell levels left.
You knew the following spells:

 Your Spells              Type           Power      Damage    Failure   Level
a - Call Canine Familiar  Summ           20%        N/A       8%          3
b - Summon Guardian Gole  Hex/Summ       13%        N/A       14%         3

Your spell library contained the following spells:

 Spells                   Type           Power      Damage    Failure   Level
 Summon Small Mammal      Summ           80%        N/A       2%          1
 Apportation              Tloc           6%         N/A       13%         1
 Necrotise                Necr           12%        1d4       13%         1
 Scorch                   Fire           6%         2d5       21%         2
 Gell's Gravitas          Tloc           3%         N/A       36%         3
 Lesser Beckoning         Tloc           3%         N/A       36%         3
 Teleport Other           Tloc           3%         N/A       36%         3
 Vampiric Draining        Necr           3%         2d6       36%         3
 Flame Wave               Conj/Fire      3%         2d5       78%         4
 Agony                    Necr           3%         N/A       98%         5
 Alistair's Intoxication  Tmut/Pois      2%         N/A       98%         5
 Borgnjor's Vile Clutch   Necr/Erth      1%         N/A       98%         5
 Summon Cactus Giant      Summ           10%        N/A       98%         6
 Eringya's Noxious Bog    Tmut/Pois      1%         N/A       100%        6


Dungeon Overview and Level Annotations

Branches:
Dungeon (7/15)             Temple (1/1) D:5

Altars:
Cheibriados
Dithmenos
Elyvilon
Fedhas
Gozag
Hepliaklqana
Kikubaaqudgha
Makhleb
Okawaru
Ru
Vehumet
Wu Jian
Yredelemnul
Zin


Innate Abilities, Weirdness & Mutations

You cannot wear most types of armour.
You are amphibious.
You can wear up to eight rings at the same time.
Your skin changes colour to match your surroundings (Stealth+).
Your rubbery body absorbs attacks. (AC +1, EV +1)
((You are camouflaged when in or above water. (Stealth+)))
You have tentacles for arms and can constrict up to eight enemies at once.


Message History

You swap places.
You release your grip on the wight.
The wight hits your guardian golem with a +3 flail.
You see here 4 gold pieces.
The wight hits your guardian golem but does no damage.
The wight hits your guardian golem but does no damage.
The wight hits your guardian golem but does no damage.
The wight hits your guardian golem with a +3 flail.
The wight hits your guardian golem with a +3 flail.
A wight comes into view. It is wielding a +3 halberd.
The wight hits your guardian golem but does no damage.
The wight completely misses your guardian golem.
The wight hits your guardian golem with a +3 flail.
Your guardian golem overheats!
The wight hits your guardian golem with a +3 flail.
Flame seeps out of your guardian golem.
Your guardian golem is engulfed in blazing flames.
Flame seeps out of your guardian golem.
The wight hits your guardian golem with a +3 flail!
Flame seeps out of your guardian golem.
Your guardian golem is engulfed in blazing flames.
Your guardian golem disappears in a puff of smoke!
Your guardian golem explodes!
The fiery explosion engulfs the wight!
The wight is destroyed!
Casting: Summon Guardian Golem (dangerous; 14% risk of failure)
Confirm with . or Enter, or press ? or * to list all spells.
A wight comes into view. It is wielding a +0 morningstar.
Found 15 gold pieces.
Your hound pauses to sniff the ground.
Your hound closely misses the wight.
Your hound bites the wight.
Casting: Call Canine Familiar (dangerous; 8% risk of failure)
Confirm with . or Enter, or press ? or * to list all spells.
A guardian golem appears, shielding your allies.
Your hound closely misses the wight.
The wight hits you from afar with a +3 halberd!
* * * LOW HITPOINT WARNING * * *
You feel drained.
You die...
Your body crumbles into a pile of gold.

*###* *#.$,**
########.#**,**
############.......#*
**,**
.............####.#* **,*
###.#########zz.@.# *,*
#.#**,***#.#h##.#* **,*
#.#*,*,*#ยง###.##9#*
**,,* #.#,***.z#*
*#....#**$*,*
#.#*,#.##z***,###...,**,*
#.#*#z****,*,** *.#.#**,*
###.# #,* **,** *,#.# *,*
....# *,* *,*****,*,#**,*
##..# *,* *,,,,,,*,,,,,,*


You could see 2 wights, a friendly guardian golem (summoned) and a friendly
hound (summoned).

Vanquished Creatures
  The ghost of Arctor the Magician, an amateur DsHW (D:4)
  A sky beast (D:6)
  An ice beast (D:6)
  A black bear (D:4)
  3 ogres
  Blork the orc (D:5)
  5 scorpions
  A wight (D:6)
  6 hounds
  2 orc priests (D:5)
  Crazy Yiuf (D:5)
  A jelly (D:5)
  3 iguanas
  3 orc wizards
  Robin (D:2)
  4 gnolls (D:5)
  7 adders
  A shadow imp (D:6)
  An ufetubus (D:3)
  3 worms (D:2)
  2 dart slugs
  18 orcs
  4 endoplasms
  16 goblins
  13 hobgoblins
  3 jackals (D:4)
  4 kobolds
  3 quokkas
  9 ball pythons
  6 bats
  3 frilled lizards
  6 rats
134 creatures vanquished.

Vanquished Creatures (collateral kills)
  2 jellies (D:5)
  An orc wizard (D:5)
3 creatures vanquished.

Vanquished Creatures (others)
  A wight (D:6)
1 creature vanquished.

Grand Total: 138 creatures vanquished

Notes
Turn   | Place    | Note
-------+----------+-------------------------------------------
     0 | D:5      | croobank the Octopode Delver began the quest for the Orb.
     0 | D:5      | Reached XP level 1. HP: 16/16 MP: 1/1
     1 | D:6      | Noticed a hound
    36 | D:5      | Noticed a jelly
    77 | D:5      | Noticed Blork the orc
    82 | D:5      | Identified the +5 mace of the Nine Nightmares {spect, rPois
                  | rC+ Str-3 Int+6}
   209 | D:6      | Killed a hound
   210 | D:6      | Reached XP level 2. HP: 20/21 MP: 2/2
   210 | D:6      | Reached XP level 3. HP: 25/26 MP: 3/3
   246 | D:7      | Reached skill level 7 in Stealth
   248 | D:7      | Reached XP level 4. HP: 13/32 MP: 4/4
   484 | D:7      | Noticed a bullfrog
   530 | D:5      | Killed Blork the orc
   531 | D:5      | Reached XP level 5. HP: 12/37 MP: 5/5
   834 | D:4      | Reached XP level 6. HP: 14/43 MP: 6/6
  1038 | D:4      | Found a large runed translucent door.
  1038 | D:4      | Found a large runed translucent door.
  1039 | D:4      | Noticed Arctor's ghost (amateur DsHW)
  1054 | D:4      | Reached skill level 8 in Stealth
  1551 | D:3      | Reached XP level 7. HP: 49/49 MP: 7/7
  2891 | D:2      | Noticed Robin
  3080 | D:2      | Killed Robin
  3162 | D:2      | Found a faded altar of an unknown god.
  3888 | D:4      | Identified the +3 ring mail "Tunloh" {rN+ Will+++ Str-2
                  | Dex+4}
  3976 | D:4      | Reached skill level 1 in Spellcasting
  3976 | D:4      | Reached skill level 1 in Summonings
  4304 | D:4      | Reached skill level 5 in Fighting
  4643 | D:4      | Learned a level 3 spell: Call Canine Familiar
  4650 | D:4      | Killed Arctor's ghost
  4651 | D:4      | Reached skill level 9 in Stealth
  4651 | D:4      | Reached XP level 8. HP: 55/55 MP: 7/11
  4741 | D:5      | Found a runed translucent door.
  4742 | D:5      | Noticed Crazy Yiuf
  4848 | D:5      | Found a staircase to the Ecumenical Temple.
  5430 | D:5      | Found a shadowy altar of Dithmenos.
  5507 | Temple   | Entered the Ecumenical Temple
  5642 | Temple   | Became a worshipper of Gozag Ym Sagoz the Greedy
  5902 | D:5      | Killed Crazy Yiuf
  6265 | D:6      | Reached skill level 5 in Axes
  6311 | D:6      | Reached XP level 9. HP: 43/61 MP: 14/14
  6404 | D:6      | Learned a level 3 spell: Summon Guardian Golem
  6441 | D:6      | Reached skill level 5 in Dodging
  6500 | D:6      | HP: 1/59 [wight/+3 halberd (11)]
  6500 | D:6      | Slain by a wight

Illustrated notes

Levels and vault maps discovered:
D:1:      minmay_arrival_diagonal_passages, layout_loops_ring,
          nicolae_hexahallways, st_stairs_2, minmay_stone_trees_small,
          minmay_misc_feat_x, chequers_arboretum, kennysheep_crisscross
D:2:      layout_loops_ring, basic_ecumenical_altar, uniq_robin
D:3:      cheibrodos_greedy_goblins, layout_loops_ring
D:4:      layout_cave_pools, ebering_ghost_disaster_area, nrook_uturn,
          serial_park_tiny_pond, nicolae_concentric_dashed_squares_mild,
          kennysheep_generic_room_3
D:5:      layout_loops_cross, grunt_dithmenos_smoke_and_mirrors,
          minmay_temple_entry_statues_fountains, uniq_crazy_yiuf_cottage,
          uniq_blork_the_orc
D:6:      layout_loops_ring, grunt_temple_overflow_diamond, portal_sewer_entry_e
D:7:      layout_cave_pools, mainiacjoe_overflow_six_doors_small
Temple:   nicolae_temple_ecumenical_triangle

Skill      XL: |  1  2  3  4  5  6  7  8  9 |
---------------+----------------------------+-----
Stealth        | 7 8 9 |  9.7
Axes           | 3 4 5 |  5.2
Dodging        | 3 4 5 |  5.0
Fighting       | 4 5 |  5.6
Spellcasting   | 2 3 |  3.8
Summonings     | 2 3 4 |  4.1
Hexes          | |  0.7

Action                   |  1- 3 |  4- 6 |  7- 9 || total
-------------------------+-------+-------+-------++-------
Melee: Mace              |     6 |    24 |   172 ||   202
       Constrict         |     1 |     7 |    44 ||    52
       Tentacles         |     1 |     6 |    28 ||    35
       Punch             |       |     1 |     3 ||     4
 Cast: Call Canine Famil |       |       |     6 ||     6
       Summon Guardian G |       |       |     2 ||     2
  Use: Scroll            |     2 |       |     8 ||    10
       Potion            |       |       |     2 ||     2
 Stab: Distracted        |     1 |     1 |     1 ||     3
       Sleeping          |       |     2 |    32 ||    34
Armor: Skin              |       |       |     6 ||     6
Dodge: Dodged            |     3 |    17 |   127 ||   147
